 Dungeon Crawl Stone Soup version 0.28.0-43-g3370ac3207 (webtiles) character file.

Game seed: 16266536754114262586

224 Ablot the Grasshopper (level 6, -2/47 (50) HPs)
             Began as a Gnoll Warper on Mar 24, 2022.
             Was an Initiate of Okawaru.
             Slain by a wight
             ... wielding a +0 falchion
              (7 damage)
             ... on level 3 of the Dungeon.
             The game lasted 00:05:02 (5069 turns).

Ablot the Grasshopper (Gnoll Warper)                Turns: 5069, Time: 00:05:02

HP:   -2/47 (50)    AC:  3    Str: 19    XL:     6   Next: 0%
MP:   13/13         EV: 13    Int: 12    God:    Okawaru [......]
Gold: 195           SH:  0    Dex: 11    Spells: 10/15 levels left

rFire   . . .      SeeInvis .   o - +1 dagger "Riem" {speed, Str+6}
rCold   . . .      Faith    .   (no shield)
rNeg    . . .      Spirit   .   b - +0 leather armour
rPois   .          Reflect  .   (no helmet)
rElec   .          Harm     .   (no cloak)
rCorr   .          Rampage  .   (no gloves)
Will    .....                   (no boots)
Stlth   +.........              (no amulet)
HPRegen 0.15/turn               (no ring)
MPRegen 0.13/turn               (no ring)

@: drained
A: fangs 1, strong nose, distributed training
a: Renounce Religion


You were on level 3 of the Dungeon.
You worshipped Okawaru.
Okawaru was noncommittal.
You visited 1 branch of the dungeon, and saw 4 of its levels.

You collected 195 gold pieces.

Inventory:

Hand Weapons
 a - a +0 trident
 o - the +1 dagger "Riem" (weapon) {speed, Str+6}
   (You found it on level 2 of the Dungeon)

   Attacks with this weapon are significantly faster.
   Str:       It affects your strength (+6).
Missiles
 d - 5 boomerangs of dispersal (quivered)
 e - 29 arrows
 f - 139 stones
 j - 70 bolts
 r - 38 sling bullets
Armour
 b - a +0 leather armour (worn)
Magical Staves
 p - a staff of earth
Scrolls
 c - a scroll of blinking
 h - a scroll of amnesia {unknown}
 k - 3 scrolls of vulnerability {unknown}
 m - 2 scrolls of noise {unknown}
 n - 3 scrolls of identify {unknown}
 u - a scroll of immolation {unknown}
 v - a scroll of magic mapping {unknown}
Potions
 g - a potion of haste {unknown}
 i - a potion of invisibility {unknown}
 l - 4 potions of curing {unknown}
 q - a potion of resistance {unknown}
 s - a potion of attraction {unknown}
 t - 2 potions of heal wounds {unknown}


   Skills:
 + Level 4.9 Fighting
 + Level 1.7 Short Blades
 + Level 1.7 Long Blades
 + Level 1.7 Axes
 + Level 1.7 Maces & Flails
 + Level 4.9 Polearms
 + Level 1.7 Staves
 + Level 1.7 Slings
 + Level 1.7 Bows
 + Level 1.7 Crossbows
 + Level 3.1 Throwing
 + Level 3.1 Armour
 + Level 4.9 Dodging
 + Level 1.7 Stealth
 + Level 1.7 Shields
 + Level 1.7 Unarmed Combat
 + Level 5.2 Spellcasting
 + Level 1.3 Conjurations
 + Level 1.3 Hexes
 + Level 1.3 Summonings
 + Level 1.3 Necromancy
 + Level 5.6 Translocations
 + Level 1.3 Transmutations
 + Level 1.3 Fire Magic
 + Level 1.3 Ice Magic
 + Level 1.3 Air Magic
 + Level 1.3 Earth Magic
 + Level 1.3 Poison Magic
 + Level 1.9 Invocations
 + Level 1.7 Evocations


You had 10 spell levels left.
You knew the following spells:

 Your Spells              Type           Power      Damage    Failure   Level
a - Blink                 Tloc           32%        N/A       3%          2
b - Wereblood             Tmut           6%         N/A       21%         2
c - Freeze                Ice            24%        1d5       13%         1

Your spell library contained the following spells:

 Spells                   Type           Power      Damage    Failure   Level
 Gell's Gravitas          Tloc           16%        N/A       7%          3
 Lesser Beckoning         Tloc           16%        N/A       7%          3
 Teleport Other           Tloc           16%        N/A       7%          3
 Beastly Appendage        Tmut           12%        N/A       13%         1
 Frozen Ramparts          Ice            12%        1d3       36%         3
 Spider Form              Tmut/Pois      6%         N/A       36%         3
 Manifold Assault         Tloc           16%        N/A       54%         5
 Hailstorm                Conj/Ice       6%         3d4       78%         4


Dungeon Overview and Level Annotations

Branches:
Dungeon (4/15)
 Temple: D:4-7

Altars:
Gozag
Okawaru


Innate Abilities, Weirdness & Mutations

You have very sharp teeth.
Your uncanny sense of smell can sniff out nearby items.
Your experience applies equally to all skills.


Message History

* * * LOW HITPOINT WARNING * * *
You feel drained.
You hit the wight but do no damage.
The wight is severely damaged.
You hit the wight but do no damage.
The wight is severely damaged.
The wight closely misses you.
You hit the wight but do no damage.
The wight is severely damaged.
You hit the wight. Your bite misses the wight.
The wight is severely damaged.
The wight barely misses you.
You barely miss the wight. Your bite misses the wight.
The wight is severely damaged.
The wight misses you.
You closely miss the wight.
The wight is severely damaged.
You barely miss the wight.
The wight is severely damaged.
The wight barely misses you.
You hit the wight but do no damage. You bite the wight, but do no damage.
The wight is severely damaged.
The wight misses you.
You hit the wight. Your punch misses the wight.
The wight is severely damaged.
You barely miss the wight.
The wight is severely damaged.
The wight hits you with a +0 falchion.
* * * LOW HITPOINT WARNING * * *
You feel drained.
You barely miss the wight. Your bite misses the wight.
The wight is severely damaged.
You closely miss the wight.
The wight is severely damaged.
The wight hits you with a +0 falchion.
* * * LOW HITPOINT WARNING * * *
You hit the wight but do no damage.
The wight is severely damaged.
The wight hits you with a +0 falchion!
You die...

#..##...#......# #........
####..###....######## #.......^
#.....####..........# #........
##.##...###..#######.# ########.
##.##.......## #.# #.
...##........## ##.######## #.
......##......## #.........####.
...#)###.......####..).........#.
..##...#.##.....@z..........##...
.#..........##.###########.####..
##......>..###..# ####.># ##.
#......##.####.#### ##...#.## ##
#.................###>......## #
#......##.######...........).###
######.##.#######..........#).#
#.........######.......##.#
#......P♣P.# #......###.##


You could see a wight.

Vanquished Creatures
  An orc priest (D:3)
  A centaur skeleton (D:4)
  5 adders
  2 adder skeletons
  4 worms
  3 dart slugs
  6 orcs
  9 ball pythons
  8 endoplasms
  2 giant cockroaches (D:1)
  10 goblins
  4 hobgoblins
  7 jackals
  7 kobolds
  2 quokkas (D:2)
  6 bats
  5 frilled lizards
  A quokka skeleton (D:4)
  5 rats
88 creatures vanquished.

Vanquished Creatures (others)
  4 plants (D:3)
4 creatures vanquished.

Grand Total: 92 creatures vanquished

Notes
Turn   | Place    | Note
-------+----------+-------------------------------------------
     0 | D:1      | Ablot the Gnoll Warper began the quest for the Orb.
     0 | D:1      | Reached XP level 1. HP: 20/20 MP: 6/6
    42 | D:1      | Reached XP level 2. HP: 22/26 MP: 7/7
    63 | D:1      | Learned a level 2 spell: Blink
   208 | D:1      | Found a faded altar of an unknown god.
   766 | D:1      | Reached XP level 3. HP: 28/31 MP: 9/9
  1034 | D:1      | Reached skill level 5 in Spellcasting
  1384 | D:2      | Reached skill level 1 in Invocations
  1495 | D:2      | Reached skill level 1 in Short Blades
  1495 | D:2      | Reached skill level 1 in Long Blades
  1495 | D:2      | Reached skill level 1 in Axes
  1495 | D:2      | Reached skill level 1 in Maces & Flails
  1495 | D:2      | Reached skill level 1 in Staves
  1495 | D:2      | Reached skill level 1 in Slings
  1495 | D:2      | Reached skill level 1 in Bows
  1495 | D:2      | Reached skill level 1 in Crossbows
  1495 | D:2      | Reached skill level 1 in Stealth
  1495 | D:2      | Reached skill level 1 in Shields
  1495 | D:2      | Reached skill level 1 in Unarmed Combat
  1495 | D:2      | Reached skill level 1 in Evocations
  1715 | D:2      | Reached XP level 4. HP: 31/38 MP: 11/11
  2055 | D:2      | Found Plog's Armour Shop.
  2455 | D:2      | Found an opulent altar of Gozag.
  2470 | D:2      | Reached skill level 1 in Conjurations
  2470 | D:2      | Reached skill level 1 in Hexes
  2470 | D:2      | Reached skill level 1 in Summonings
  2470 | D:2      | Reached skill level 1 in Necromancy
  2470 | D:2      | Reached skill level 1 in Transmutations
  2470 | D:2      | Reached skill level 1 in Fire Magic
  2470 | D:2      | Reached skill level 1 in Ice Magic
  2470 | D:2      | Reached skill level 1 in Air Magic
  2470 | D:2      | Reached skill level 1 in Earth Magic
  2470 | D:2      | Reached skill level 1 in Poison Magic
  2805 | D:2      | Identified the +1 dagger "Riem" {speed, Str+6}
  3295 | D:3      | Reached XP level 5. HP: 43/43 MP: 12/12
  3305 | D:3      | Found an iron altar of Okawaru.
  3691 | D:3      | Became a worshipper of Warmaster Okawaru
  4425 | D:3      | Learned a level 2 spell: Wereblood
  4821 | D:4      | Learned a level 1 spell: Freeze
  5010 | D:4      | Reached XP level 6. HP: 24/49 MP: 13/13
  5069 | D:3      | Slain by a wight

Illustrated notes

Levels and vault maps discovered:
D:1:      sevenhm_arrival_forest_fort_small_5, layout_basic,
          basic_ecumenical_altar
D:2:      kennysheep_six_static_rooms, layout_loops_ring, serial_shops,
          shop_fountains, basic_altar, kennysheep_pointless_box,
          minmay_crystal_room, kennysheep_donut
D:3:      layout_rooms, lemuel_tele_altar, serial_forest,
          infiniplex_forest_zigzag_2, infiniplex_forest_end_3,
          infiniplex_forest_clump_curved, infiniplex_forest_diagonal,
          infiniplex_forest_clump_small, infiniplex_forest_end_1,
          infiniplex_forest_straight_2, infiniplex_forest_clump_long,
          hangedman_decor_growths
D:4:      layout_rooms, gammafunk_temple_overflow_elements

Skill      XL: |  1  2  3  4  5 |
---------------+----------------+-----
Spellcasting   | 5 |  5.2
Invocations    | 1 |  1.9
Short Blades   | 1 |  1.7
Long Blades    | 1 |  1.7
Axes           | 1 |  1.7
Maces & Flails | 1 |  1.7
Staves         | 1 |  1.7
Slings         | 1 |  1.7
Bows           | 1 |  1.7
Crossbows      | 1 |  1.7
Stealth        | 1 |  1.7
Shields        | 1 |  1.7
Unarmed Combat | 1 |  1.7
Evocations     | 1 |  1.7
Conjurations   | 1 |  1.3
Hexes          | 1 |  1.3
Summonings     | 1 |  1.3
Necromancy     | 1 |  1.3
Transmutations | 1 |  1.3
Fire Magic     | 1 |  1.3
Ice Magic      | 1 |  1.3
Air Magic      | 1 |  1.3
Earth Magic    | 1 |  1.3
Poison Magic   | 1 |  1.3
Throwing       | 3 |  3.1
Armour         | 3 |  3.1
Fighting       | |  4.9
Polearms       | |  4.9
Dodging        | |  4.9
Translocations | |  5.6

Action                   |  1- 3 |  4- 6 || total
-------------------------+-------+-------++-------
Melee: Spear             |   155 |    31 ||   186
       Bite              |    11 |    30 ||    41
       Punch             |     1 |     3 ||     4
       Trident           |       |    41 ||    41
       Dagger            |       |   241 ||   241
 Stab: Sleeping          |     2 |     2 ||     4
       Distracted        |     1 |       ||     1
Armor: Leather armour    |    35 |    42 ||    77
Dodge: Dodged            |    91 |   142 ||   233
